 Dungeon Crawl Stone Soup version 0.30-a0-711-gf4ac18a38d (webtiles) character file.

Game seed: 1956122411338682869

348 bjtr the Digger (level 6, 0/35 HPs)
             Began as a Gargoyle Earth Elementalist on Jan 23, 2023.
             Killed from afar by a white imp (7 damage)
             ... with a puff of frost
             ... summoned by Natasha
             ... on level 4 of the Dungeon.
             The game lasted 00:11:58 (2870 turns).

bjtr the Digger (Gargoyle Earth Elementalist)       Turns: 2870, Time: 00:11:58

Health: 0/35       AC:  8    Str: 12    XL:     6   Next: 60%
Magic:  0/11       EV: 11    Int: 17    God:
Gold:   226        SH:  0    Dex: 10    Spells: 1/11 levels left

rFire   . . .      SeeInvis .    l - +0 war axe (elec)
rCold   . . .      Faith    .    (no shield)
rNeg    + + .      Spirit   +    j - +0 leather armour
rPois   ∞          Reflect  .    f - +0 helmet
rElec   +          Harm     .    (no cloak)
rCorr   .          Rampage  .    (no gloves)
Will    .....      Rnd*Tele +    (no boots)
Stlth   ++                       t - amulet of guardian spirit
HPRegen 0.25/turn                h - ring of positive energy
MPRegen 0.12/turn                (no ring)

@: flying
A: sickness immunity, AC +4, negative energy resistance 1, electricity
resistance, torment resistance 1, petrification resistance, teleportitis 1
a: no special abilities


You were on level 4 of the Dungeon.
You visited 1 branch of the dungeon, and saw 4 of its levels.

You collected 226 gold pieces.

Inventory:

Hand Weapons
 d - a +0 dagger
 g - a +0 mace
 l - a +0 war axe of electrocution (weapon)
Missiles
 a - 8 poisoned darts
Armour
 f - a +0 helmet (worn)
 j - a +0 leather armour (worn)
Jewellery
 h - a ring of positive energy (left hand)
 r - a ring of fire
 t - an amulet of guardian spirit (around neck)
Wands
 p - a wand of digging (5)
Scrolls
 e - a scroll of torment
 k - a scroll of noise
 m - a scroll of teleportation
 q - a scroll of enchant weapon
 s - a scroll of amnesia {unknown}
 u - a scroll of fog {unknown}
Potions
 b - a potion of magic
 i - a potion of cancellation {unknown}
 n - a potion of degeneration {unknown}
 v - a potion of attraction {unknown}


   Skills:
 * Level 2.2 Fighting
 * Level 2.3 Armour
 + Level 1.8 Dodging
 + Level 2.5 Stealth
 + Level 3.4 Spellcasting
 - Level 0.7 Transmutations
 * Level 6.2 Earth Magic


You had one spell level left.
You knew the following spells:

 Your Spells              Type           Power      Damage    Failure   Level
a - Sandblast             Erth           48%        2d12      1%          1
b - Passwall              Tmut/Erth      11%        N/A       8%          2
c - Stone Arrow           Conj/Erth      26%        3d8       19%         3
d - Petrify               Tmut/Erth      14%        N/A       45%         4

Your spell library contained the following spells:

 Spells                   Type           Power      Damage    Failure   Level
 Slow                     Hex            8%         N/A       22%         1
 Ignite Poison            Fire/Tmut/Pois 3%         N/A       50%         3
 Sticky Flame             Conj/Fire      2%         2d3       91%         4
 Summon Mana Viper        Hex/Summ       2%         N/A       99%         5
 Ozocubu's Refrigeration  Ice            1%         4d7       100%        7
 Ignition                 Fire           1%         3d3       100%        8


Dungeon Overview and Level Annotations

Branches:
Dungeon (4/15)
 Temple: D:4-7

Altars:
Makhleb
Okawaru
Qazlal
Xom

Annotations:
D:4 Natasha


Innate Abilities, Weirdness & Mutations

You are immune to sickness and miasma.
Your stone body is resilient. (AC +4)
You are immune to poison.
You resist negative energy. (rN+)
You are resistant to electric shocks. (rElec)
You are resistant to unholy torment.
You are immune to petrification.
You are occasionally teleported next to monsters.


Message History

The hound is severely wounded.
The hound bites you but does no damage. The hound bites you.
Casting: Sandblast (safe; 1% risk of failure)
Confirm with . or Enter, or press ? or * to list all spells.
Aiming: Sandblast (safe; 1% risk of failure)
Press: ? - help, Shift-Dir - straight line, f - hound
Aim: a hound (severely wounded, 76% to hit)
The blast of sand misses the hound.
The blast of sand hits the hobgoblin!
You kill the hobgoblin!
The hound barely misses you. The hound bites you but does no damage.
The hound completely misses you.
You miss the hound.
The hound is severely wounded.
Natasha, Servant of Life and Death comes into view.
The hound bites you but does no damage. The hound barely misses you.
Casting: Sandblast (safe; 1% risk of failure)
Confirm with . or Enter, or press ? or * to list all spells.
Aiming: Sandblast (safe; 1% risk of failure)
Press: ? - help, Shift-Dir - straight line, f/p - hound
Aim: a hound (severely wounded, 76% to hit)
The blast of sand hits the hound!
You kill the hound!
Casting: Sandblast (safe; 1% risk of failure)
Confirm with . or Enter, or press ? or * to list all spells.
You don't have enough magic to cast this spell.
Natasha casts a spell.
You hit the white imp.
The white imp is heavily wounded.
The white imp hits you. The white imp freezes you.
* * * LOW HITPOINT WARNING * * *
Natasha casts a spell.
It was a potion of flight.
You feel very buoyant.
You fly up into the air.
The white imp hits you but does no damage.
Found 8 gold pieces.
You hear the slow rusting of a very distant drain.
The white imp gestures at you. The puff of frost hits you!
You die...

≈≈≈≈§.#.# .... . ^.
...≈...####.... .. .
♣♣♣.≈........... ..§§≈
...≈........... ..§.§
♣.≈........... ...§§.
♣.............
...§≈.♣♣♣♣♣5§...........
....≈....5h.§...........
....≈§≈@§≈§≈≈.........?.
...........§............
..........####..........
.........†# #......._..
..........+ ............
####......# ##..........
.......# ##......$


You could see Natasha and 2 white imps.

Vanquished Creatures
  A kobold brigand (D:3)
  2 hounds (D:4)
  An iguana (D:3)
  Natasha (twice) (D:4)
  6 adders
  4 worms
  A dart slug (D:3)
  3 orcs (D:3)
  5 ball pythons
  8 bats
  7 endoplasms
  4 giant cockroaches
  8 hobgoblins
  8 kobolds
  3 quokkas
  4 frilled lizards
  5 goblins
  3 rats
75 creatures vanquished.

Notes
Turn   | Place    | Note
-------+----------+-------------------------------------------
     0 | D:1      | bjtr the Gargoyle Earth Elementalist began the quest for
                  | the Orb.
     0 | D:1      | Reached XP level 1. HP: 10/10 MP: 3/3
   454 | D:1      | Reached skill level 4 in Earth Magic
   454 | D:1      | Reached XP level 2. HP: 16/16 MP: 1/5
   946 | D:1      | Reached skill level 1 in Armour
  1281 | D:2      | Reached XP level 3. HP: 20/20 MP: 1/6
  1504 | D:2      | Found a shimmering altar of Xom.
  1661 | D:2      | Reached XP level 4. HP: 24/24 MP: 4/7
  1962 | D:3      | Found an iron altar of Okawaru.
  1969 | D:3      | Reached skill level 1 in Fighting
  1969 | D:3      | Reached skill level 5 in Earth Magic
  2162 | D:3      | Noticed a kobold brigand
  2171 | D:3      | Gained mutation: You are occasionally teleported next to
                  | monsters. [potion of mutation]
  2180 | D:3      | Killed a kobold brigand
  2181 | D:3      | Reached XP level 5. HP: 21/29 MP: 9/9
  2438 | D:3      | Reached XP level 6. HP: 35/35 MP: 5/10
  2485 | D:3      | Learned a level 2 spell: Passwall
  2489 | D:3      | Learned a level 3 spell: Stone Arrow
  2494 | D:3      | Learned a level 4 spell: Petrify
  2580 | D:3      | Found a stormy altar of Qazlal.
  2837 | D:4      | Found a burning altar of Makhleb.
  2837 | D:4      | Noticed Natasha
  2843 | D:4      | Got the Elucidation of Frost and Imprecation
  2845 | D:4      | Killed Natasha
  2851 | D:4      | Noticed Natasha
  2855 | D:4      | Killed Natasha
  2856 | D:4      | Reached skill level 6 in Earth Magic
  2863 | D:4      | Noticed Natasha
  2870 | D:4      | Killed from afar by a white imp

Illustrated notes

Levels and vault maps discovered:
D:1:      dpeg_arrival_chambers_temple_mockup, layout_loops_ring,
          patterned_corridor
D:2:      minmay_kobold_bridge, layout_rooms, basic_altar,
          minmay_split_cup_large
D:3:      layout_basic, amcnicky_altar_gilded, kennysheep_okawaru_gauntlet,
          minmay_divided_ellipse
D:4:      layout_basic, mainiacjoe_overflow_brackets, bloody_makhleb,
          gammafunk_ghost_mausoleum, portal_sewer_entry_a,
          kennysheep_generic_room_3, uniq_natasha

Skill      XL: |  1  2  3  4  5  6 |
---------------+-------------------+-----
Earth Magic    | 4 5 6 |  6.2
Armour         | 1 2 |  2.3
Fighting       | 1 2 |  2.2
Spellcasting   | 3 |  3.4
Dodging        | |  1.8
Stealth        | |  2.5
Transmutations | |  0.7

Action                     |  1- 3 |  4- 6 || total
---------------------------+-------+-------++-------
  Melee: Dagger            |     4 |       ||     4
         War axe           |    22 |    48 ||    70
         Mace              |     1 |       ||     1
         Punch             |       |     1 ||     1
   Cast: Sandblast         |    39 |    41 ||    80
    Use: Potion            |       |     3 ||     3
         Scroll            |       |     4 ||     4
   Stab: Sleeping          |     1 |     1 ||     2
 Armour: Robe              |     4 |       ||     4
         Leather armour    |    10 |    58 ||    68
  Dodge: Dodged            |    25 |    52 ||    77

Table legend: (Time is in decaauts)
 A = Elapsed time spent in this place.
 B = Non-inter-level travel time spent in this place.
 C = Inter-level travel time spent in this place.
 D = Time resting spent in this place.
 E = Time spent auto-exploring this place.
 F = Levels seen in this place.
 G = Mean time per level.
                   A        B        C        D        E       F      G
               +--------+--------+--------+--------+--------+-----+--------+
         Total |   2942 |   2822 |    120 |    227 |   1963 |   4 |  735.5 |
       Dungeon |   2942 |   2822 |    120 |    227 |   1963 |   4 |  735.5 |
               +--------+--------+--------+--------+--------+-----+--------+

Top non-repeatable levels by time:
     D:1: 1127 daAuts
     D:3: 1111 daAuts
     D:2: 653 daAuts
     D:4: 49 daAuts
